 Dungeon Crawl Stone Soup version 0.31.0-9-g3a7656b989 (webtiles) character file.

Game seed: 369825656245885988

660 Curundu the Chopper (level 7, -2/91 HPs)
             Began as a Minotaur Berserker on Jan 24, 2024.
             Was a Priest of Trog.
             Succumbed to a water moccasin's poison
             ... on level 5 of the Dungeon.
             The game lasted 00:11:34 (4000 turns).

Curundu the Chopper (Minotaur Berserker)            Turns: 4000, Time: 00:11:35

Health: -2/91      AC: 10    Str: 24    XL:     7   Next: 30%
Magic:  6/6        EV: 10    Int:  4    God:    Trog [***...]
Gold:   228        SH:  5    Dex: 15    Spells: 6/6 levels left

rFire   . . .        a - +0 hand axe
rCold   . . .        (no shield)
rNeg    . . .        b - +1 chain mail
rPois   .            (helmet restricted)
rElec   .            (no cloak)
rCorr   .            (no gloves)
SInv    .            (no boots)
Will    .....        o - amulet of reflection Stlth
                     n - +6 ring of dexterity
HPRegen 0.35/turn    (no ring)
MPRegen 0.10/turn

%: reflection
@: berserking, lethally poisoned (-2 -> -33), very quick
A: horns 2, retaliatory headbutt
a: Renounce Religion, Berserk, Trog's Hand


You were on level 5 of the Dungeon.
You worshipped Trog.
Trog was most pleased with you.
You visited 1 branch of the dungeon, and saw 5 of its levels.
You also visited: Sewer.

You collected 228 gold pieces.

Inventory:

Hand Weapons
 a - a +0 hand axe (weapon)
Armour
 b - a +1 chain mail (worn)
Jewellery
 n - a +6 ring of dexterity (left hand)
 o - an amulet of reflection (around neck)
 p - a ring of see invisible
Scrolls
 d - a scroll of identify
 e - 2 scrolls of blinking
 g - a scroll of fear
 l - 2 scrolls of teleportation
Potions
 c - a potion of mutation
 f - a potion of resistance
 h - 3 potions of curing
 i - a potion of might {unknown}
 j - a potion of attraction {unknown}
 k - a potion of berserk rage {unknown}
 m - 2 potions of cancellation
 q - a potion of experience {unknown}


   Skills:
 + Level 5.4 Fighting
 + Level 7.3 Axes
 + Level 5.3 Armour
 + Level 3.2 Dodging
 + Level 0.2 Stealth
 + Level 1.5 Shields


You had 6 spell levels left.
You didn't know any spells.
Your spell library was empty.

Dungeon Overview and Level Annotations

Branches:
Dungeon (5/15)              Sewer (visited)
 Temple: D:4-7

Altars:
Dithmenos
Fedhas
Trog


Innate Abilities, Weirdness & Mutations

You have a pair of horns on your head.
You reflexively headbutt those who attack you in melee.


Message History

You hit the water moccasin.
Your headbutt misses the water moccasin.
The water moccasin is severely wounded.
You feel extremely sick. You block the water moccasin's attack.
You miss the water moccasin.
The water moccasin is severely wounded.
* * * LOW HITPOINT WARNING * * *
You feel very sick.
The water moccasin bites you but does no damage.
You closely miss the water moccasin.
Your headbutt misses the water moccasin.
The water moccasin is severely wounded.
* * * LOW HITPOINT WARNING * * *
You feel very sick.
The water moccasin bites you but does no damage.
The water moccasin bites you.
* * * LOW HITPOINT WARNING * * *
You are more poisoned.
The water moccasin poisons you!
A red film seems to cover your vision as you go berserk!
You feel yourself moving faster!
You feel mighty!
* * * LOW HITPOINT WARNING * * *
You feel extremely sick. The water moccasin barely misses you.
You barely miss the water moccasin.
Your headbutt misses the water moccasin.
The water moccasin is severely wounded.
* * * LOW HITPOINT WARNING * * *
You feel very sick. The water moccasin bites you.
* * * LOW HITPOINT WARNING * * *
You are more poisoned.
The water moccasin poisons you!
You barely miss the water moccasin. You headbutt the water moccasin.
You kill the water moccasin!
Trog accepts your kill.
* * * LOW HITPOINT WARNING * * *
You feel very sick.
You die...

#############.#
........<.....#
........#######
#######.######
#..@...#
#..###.....
#.## ### #.#
#.# ..# ###


There were no monsters in sight!

Vanquished Creatures
  A water moccasin (D:5)
  A sky beast (D:4)
  2 brain worms (Sewer)
  A scorpion (D:4)
  A sleepcap (D:4)
  An iguana (D:4)
  7 adders
  4 river rats
  2 ufetubi (D:5)
  A dart slug (D:1)
  A ribbon worm (D:2)
  12 orcs
  5 endoplasms
  10 giant cockroaches
  8 goblins
  7 hobgoblins
  A jackal (Sewer)
  2 quokkas (D:1)
  11 ball pythons
  4 bats
  5 frilled lizards
  10 kobolds
  13 rats
110 creatures vanquished.

Notes
Turn   | Place    | Note
-------+----------+-------------------------------------------
     0 | D:1      | Curundu the Minotaur Berserker began the quest for the Orb.
     0 | D:1      | Reached XP level 1. HP: 19/19 MP: 0/0
   164 | D:1      | Reached skill level 4 in Axes
   164 | D:1      | Reached XP level 2. HP: 22/27 MP: 1/1
   399 | D:1      | Found a faded altar of an unknown god.
   746 | D:1      | Reached XP level 3. HP: 33/33 MP: 2/2
  1106 | D:2      | Reached ** piety under Trog
  1444 | D:2      | Found a blossoming altar of Fedhas.
  1924 | D:3      | Reached XP level 4. HP: 41/41 MP: 3/3
  1940 | D:3      | Reached skill level 5 in Axes
  2516 | D:4      | Noticed a scorpion
  2522 | D:4      | Killed a scorpion
  2523 | D:4      | Reached XP level 5. HP: 37/47 MP: 4/4
  2560 | D:4      | Noticed a sky beast
  2588 | D:4      | Killed a sky beast
  2589 | D:4      | Reached skill level 6 in Axes
  2658 | D:4      | Found a bloodstained altar of Trog.
  2768 | D:4      | Found a shadowy altar of Dithmenos.
  2883 | D:4      | Reached XP level 6. HP: 55/55 MP: 5/5
  2890 | D:4      | Found a glowing drain.
  2901 | Sewer    | Entered a sewer
  2957 | Sewer    | Reached *** piety under Trog
  3141 | Sewer    | Reached skill level 5 in Fighting
  3202 | Sewer    | Reached skill level 7 in Axes
  3202 | Sewer    | Reached skill level 5 in Armour
  3202 | Sewer    | Reached skill level 1 in Shields
  3649 | D:4      | Reached XP level 7. HP: 51/61 MP: 6/6
  3976 | D:5      | Entered Level 5 of the Dungeon
  3999 | D:5      | HP: 2/91 [poisoned by a water moccasin]
  4000 | D:5      | Succumbed to a water moccasin's poison

Illustrated notes

Levels and vault maps discovered:
D:1:      heliophobic_arrival_dark_side_of_the_moon, layout_basic,
          shapermc_ecumenical_altar_mp_urbaneastern, serial_bayou_lagoon_a
D:2:      layout_loops_ring, serial_rivers, chequers_serial_rivers_micro_a,
          chequers_serial_rivers_micro_c, chequers_serial_rivers_micro_b,
          chequers_serial_rivers_micro_d, basic_altar
D:3:      layout_loops_ring
D:4:      layout_rooms, trog_book, mainiacjoe_overflow_tiny_flanked,
          portal_sewer_entry_c
D:5:      layout_loops_ring, nicolae_overflow_hidden_temple,
          nzn_wu_jian_council_hall, nicolae_ossuary_entry_false_entrances,
          nrook_mini_vaults, uniq_duvessa, uniq_blork_the_orc, uniq_eustachio,
          uniq_sigmund

Skill      XL: |  1  2  3  4  5  6  7 |
---------------+----------------------+-----
Axes           | 4 5 6 7 |  7.3
Fighting       | 4 5 |  5.4
Armour         | 3 4 5 |  5.3
Shields        | 1 |  1.5
Dodging        | 3 |  3.2
Stealth        | |  0.2

Action                     |  1- 3 |  4- 6 |  7- 9 || total
---------------------------+-------+-------+-------++-------
  Melee: Hand axe          |   105 |   166 |    36 ||   307
         Headbutt          |    10 |    26 |     3 ||    39
         Punch             |       |     3 |       ||     3
 Invoke: Berserk           |       |     1 |     1 ||     2
         Trog's Hand       |       |     1 |       ||     1
    Use: Scroll            |     6 |     1 |     4 ||    11
 Armour: Animal skin       |    15 |       |       ||    15
         Chain mail        |    52 |   106 |    27 ||   185
         Scale mail        |     5 |       |       ||     5
  Dodge: Dodged            |    50 |    57 |    14 ||   121
  Block: Other             |       |    23 |    10 ||    33
